 Dungeon Crawl Stone Soup version 0.28.0-53-g5a82cb258f (webtiles) character file.

Game seed: 17404490867872380726

1932 mortz the Destroyer (level 8, -11/43 HPs)
             Began as a Deep Elf Conjurer on June 2, 2022.
             Was an Initiate of Vehumet.
             Mangled by Duvessa
             ... wielding a +0 rapier
              (15 damage)
             ... on level 6 of the Dungeon.
             The game lasted 00:34:16 (8135 turns).

mortz the Destroyer (Deep Elf Conjurer)             Turns: 8135, Time: 00:34:17

Health: -11/43     AC:  8    Str:  4    XL:     8   Next: 97%
Magic:  2/22       EV: 13    Int: 26    God:    Vehumet [......]
Gold:   346        SH:  0    Dex: 13    Spells: 16/23 levels left

rFire   . . .      SeeInvis .   v - +1 club (spect) {mace}
rCold   . . .      Faith    .   a - orb {light}
rNeg    . . .      Spirit   .   b - +2 robe {Will+}
rPois   .          Reflect  .   o - +2 helmet
rElec   .          Harm     .   (no cloak)
rCorr   .          Rampage  .   (no gloves)
Will    +....                   A - +0 pair of boots
Stlth   +.........              (no amulet)
HPRegen 0.14/turn               (no ring)
MPRegen 0.18/turn               (no ring)

@: glowing
A: no striking features
a: Renounce Religion


You were on level 6 of the Dungeon.
You worshipped Vehumet.
Vehumet was noncommittal.
You visited 2 branches of the dungeon, and saw 8 of its levels.

You collected 346 gold pieces.


   Skills:
 + Level 1.2 Fighting
 + Level 0.6 Maces & Flails
 + Level 2.0 Armour
 + Level 3.7 Dodging
 + Level 4.5 Stealth
 + Level 8.2 Spellcasting
 + Level 8.8 Conjurations
 * Level 5.2 Translocations


You had 16 spell levels left.
You knew the following spells:

 Your Spells              Type           Power      Damage    Failure   Level
a - Magic Dart            Conj           100%       1d8       1%          1
b - Searing Ray           Conj           100%       2d8       1%          2
c - Iskenderun's Mystic   Conj/Tloc      47%        2d10      3%          4

Your spell library contained the following spells:

 Spells                   Type           Power      Damage    Failure   Level
 Dazzling Flash           Conj/Hex       66%        N/A       2%          3
 Mephitic Cloud           Conj/Pois/Air  25%        N/A       4%          3
 Call Imp                 Summ           10%        N/A       9%          2
 Fulminant Prism          Conj/Hex       16%        3d11      9%          4
 Ozocubu's Armour         Ice            10%        N/A       17%         3
 Summon Ice Beast         Ice/Summ       10%        N/A       50%         4
 Summon Mana Viper        Hex/Summ       10%        N/A       83%         5
 Monstrous Menagerie      Summ           5%         N/A       100%        7
 Ozocubu's Refrigeration  Ice            5%         4d6       100%        7

Inventory:

Hand Weapons
 f - a +0 dagger {short}
   (You took it off a goblin on level 1 of the Dungeon)
 q - a +0 flail {mace}
   (You took it off a gnoll on level 2 of the Dungeon)
 r - a +0 war axe {axe}
   (You found it on level 3 of the Dungeon)
 u - a +1 whip of flaming {mace}
   (You took it off an orc on level 3 of the Dungeon)
 v - a +1 spectral club (weapon) {mace}
   (You took it off Jessica on level 3 of the Dungeon)
Armour
 a - an orb of light (worn)
   (You found it on level 5 of the Dungeon)
 b - a +2 robe of willpower (worn)
   (You took it off an orc wizard on level 3 of the Dungeon)
 k - a +0 chain mail of positive energy
   (You took it off Terence on level 2 of the Dungeon)
 m - a +0 leather armour
   (You found it on level 2 of the Dungeon)
 o - a +2 helmet (worn)
   (You took it off Robin on level 2 of the Dungeon)
 A - a +0 pair of boots (worn)
   (You found it on level 5 of the Dungeon)
Scrolls
 c - 2 scrolls of enchant armour {unknown}
 d - a scroll of magic mapping {unknown}
 e - 3 scrolls of blinking {unknown}
 j - 2 scrolls of identify {@r1}
 l - 2 scrolls of noise {unknown}
 s - 3 scrolls of amnesia {unknown}
 t - 3 scrolls of immolation {unknown}
 x - a scroll of acquirement {unknown}
 y - 2 scrolls of fog {unknown}
 B - 2 scrolls of teleportation {unknown}
Potions
 n - 2 potions of flight
 p - 2 potions of curing {@q1}
 w - a potion of might {unknown}
 z - a potion of mutation {unknown}
 C - a potion of degeneration {unknown}

Dungeon Overview and Level Annotations

Branches:
Dungeon (7/15)             Temple (1/1) D:4

Altars:
Ashenzari
Cheibriados
Dithmenos
Elyvilon
Fedhas
Gozag
Hepliaklqana
Kikubaaqudgha
Makhleb
Nemelex Xobeh
Okawaru
Qazlal
Ru
Sif Muna
Uskayaw
Vehumet
Wu Jian
Xom
Yredelemnul
Zin
The Shining One

Annotations:
D:6 Duvessa

#.##.##...# #.#.#.#.#
#.##.##...# #.#.#.#.#
#.##.##...# #.#.#.#.#
#.##.##...# #.#.#.#.#
#.##.##...# #.#.#.#.#
#.##.##...######.#.#.#.#
#.##.............#.#.#.#
#.####..<#.#######.#....
#...>..@e..........###.#
#########.#.###>.........
#.........#..............
##.###..........#########
#.# #...................
#.# #.........##########
#.# #.........####### #.#
#...............# #.#
###############.#


You could see Duvessa (berserk).


Message History

😕 MP[-2]
You lost 2 mp, and now have 3/22 mp.
The searing ray hits Duvessa.
Duvessa misses you.
Duvessa hits you with a +0 rapier!! 😮 HP[-18] MP[-1]
You take 18 damage, and now have 22/43 hp.
MASSIVE DAMAGE!! (PAUSE)
You lost 1 mp, and now have 2/22 mp.
The searing ray hits Duvessa!
Duvessa misses you. 😮 MP[-1]
You lost 1 mp, and now have 1/22 mp.
You feel much better. Duvessa completely misses you.
Duvessa closely misses you. 😕 HP[+19]
You regained 19 hp, and now have 41/43 hp.
Okay, then.
Things that are here:
a +0 dagger {short}; a +0 robe; the elf corpse of Dowan 😕 MP[+1] Duvessa hits you with a +0 rapier!
Your magical contamination has completely faded away. 😮 HP[-10]
You take 10 damage, and now have 31/43 hp.
MASSIVE DAMAGE!! (PAUSE) Duvessa closely misses you.
Duvessa closely misses you. 😮 MP[+1] Duvessa hits you with a +0 rapier!!
* * * LOW HITPOINT WARNING * * *
There is a stone staircase leading down here. 😨 HP[-18]
You take 18 damage, and now have 13/43 hp.
MASSIVE DAMAGE!! (PAUSE)
You feel much better.
Duvessa hits you with a +0 rapier! 😮 HP[+16]
You regained 16 hp, and now have 29/43 hp.
Duvessa rages.
Duvessa hits you but does no damage.
Duvessa rages.
Duvessa hits you with a +0 rapier. 😮 HP[-2] MP[+1]
You take 2 damage, and now have 27/43 hp.
Duvessa hits you with a +0 rapier.
* * * LOW HITPOINT WARNING * * *
😨 HP[-6]
You take 6 damage, and now have 21/43 hp.
You hear a shout!
Duvessa closely misses you. 😮 HP[+1] Duvessa closely misses you.
There is a stone staircase leading up here. 😮 MP[+1]
Casting: Searing Ray (safe; 1% risk of failure)
Confirm with . or Enter, or press ? or * to list all spells.
You erupt in a blast of force!
The mystic blast hits Duvessa but does no damage.
Duvessa hits you with a +0 rapier!
* * * LOW HITPOINT WARNING * * *
😱 HP[-14] MP[-4]
You take 14 damage, and now have 8/43 hp.
MASSIVE DAMAGE!! (PAUSE)
You lost 4 mp, and now have 1/22 mp.
Aiming: Magic Dart (safe; 1% risk of failure)
Press: ? - help, Q - select action, (/) - cycle Shift-Dir - straight line, f/p - Duvessa
Aim: Duvessa, wielding a +0 rapier and wearing a +0 scale mail (heavily wounded, berserk, haloed, 100% to hit)
The magic dart hits Duvessa.
Duvessa misses you. Duvessa hits you with a +0 rapier.
* * * LOW HITPOINT WARNING * * *
😱 HP[-2] MP[-1]
You take 2 damage, and now have 6/43 hp.
You lost 1 mp, and now have 0/22 mp.
Duvessa hits you with a +0 rapier.
* * * LOW HITPOINT WARNING * * *
You climb upwards.
There is a stone staircase leading down here. 😱 HP[-3]
You take 3 damage, and now have 3/43 hp.
Duvessa closely misses you. 😱 HP[+1] MP[+1]
You feel much better. Duvessa barely misses you.
Duvessa hits you with a +0 rapier!
* * * LOW HITPOINT WARNING * * *
😱 HP[-2]
You take 2 damage, and now have 2/43 hp.
You feel much better. Duvessa hits you with a +0 rapier.
* * * LOW HITPOINT WARNING * * *
😨 HP[+13]
You regained 13 hp, and now have 15/43 hp.
Duvessa rages.
Duvessa barely misses you. 😨 MP[+1] Duvessa rages.
Duvessa hits you with a +0 rapier!
* * * LOW HITPOINT WARNING * * *
😱 HP[-12]
You take 12 damage, and now have 3/43 hp.
MASSIVE DAMAGE!! (PAUSE) 😱 HP[+1] Duvessa hits you with a +0 rapier!
You die...

Skill      XL: |  1  2  3  4  5  6  7  8 |
---------------+-------------------------+-----
Translocations | 1 2 3 5 |  5.2
Conjurations   | 5 6 7 8 |  8.8
Spellcasting   | 4 5 6 8 |  8.2
Stealth        | 3 4 |  4.5
Armour         | 1 2 |  2.0
Dodging        | 3 |  3.7
Fighting       | 1 |  1.2
Maces & Flails | |  0.6

Action                   |  1- 3 |  4- 6 |  7- 9 || total
-------------------------+-------+-------+-------++-------
Melee: Dagger            |       |     5 |       ||     5
       Club              |       |     3 |       ||     3
 Cast: Magic Dart        |    40 |    49 |    32 ||   121
       Searing Ray       |    17 |    37 |    42 ||    96
       Iskenderun's Myst |       |       |     3 ||     3
  Use: Potion            |       |       |     4 ||     4
       Scroll            |       |       |     3 ||     3
Armor: Robe              |     1 |     2 |    12 ||    15
       Leather armour    |       |     6 |       ||     6
Dodge: Dodged            |     5 |    30 |    28 ||    63

Levels and vault maps discovered:
D:1:      minmay_arrival_four_loops, layout_basic
D:2:      layout_loops_ring, serial_bayou_pond_e, uniq_robin, uniq_terence
D:3:      layout_loops_cross, uniq_jessica
D:4:      layout_basic, temple_doors_e, uniq_sigmund, uniq_natasha
D:5:      layout_gridville
D:6:      layout_basic
D:7:      layout_loops_ring, uniq_duvessa
Temple:   mainiacjoe_temple_circle_huts

Notes
Turn   | Place    | Note
-------+----------+-------------------------------------------
     0 | D:1      | mortz the Deep Elf Conjurer began the quest for the Orb.
     0 | D:1      | Reached XP level 1. HP: 10/10 MP: 6/6
     0 | D:1      | magus.rc [v1.9.6]
   161 | D:1      | Reached XP level 2. HP: 15/15 MP: 4/8
   382 | D:1      | Learned a level 2 spell: Searing Ray
   483 | D:1      | Reached skill level 1 in Translocations
   532 | D:1      | You pick up a book of Beasts and begin reading...
   532 | D:1      | You add the spells Summon Ice Beast, Summon Mana Viper and
                  | Monstrous Menagerie to your library.
  1121 | D:2      | Reached XP level 3. HP: 19/19 MP: 4/9
  1173 | D:2      | Reached skill level 5 in Conjurations
  1465 | D:2      | You pick up a book of Minor Magic and begin reading...
  1465 | D:2      | You add the spells Call Imp and Mephitic Cloud to your
                  | library.
  1520 | D:2      | Noticed Terence
  1526 | D:2      | Killed Terence
  1527 | D:2      | Reached XP level 4. HP: 24/24 MP: 1/11
  1637 | D:2      | Learned a level 4 spell: Iskenderun's Mystic Blast
  1796 | D:2      | Noticed Robin
  1802 | D:2      | Killed Robin
  1803 | D:2      | Reached skill level 2 in Translocations
  2694 | D:3      | Reached XP level 5. HP: 28/28 MP: 9/12
  2820 | D:3      | Reached skill level 4 in Spellcasting
  2878 | D:3      | Reached skill level 6 in Conjurations
  3303 | D:3      | Reached skill level 3 in Stealth
  3426 | D:3      | Reached XP level 6. HP: 32/32 MP: 6/14
  3550 | D:3      | Noticed Jessica
  3587 | D:3      | Killed Jessica
  3681 | D:2      | Reached skill level 1 in Armour
  4460 | D:3      | magus.rc [v1.9.6]
  4492 | D:4      | Reached skill level 5 in Spellcasting
  4542 | D:4      | Reached skill level 3 in Dodging
  4542 | D:4      | Reached skill level 7 in Conjurations
  4542 | D:4      | Reached skill level 3 in Translocations
  4542 | D:4      | Reached XP level 7. HP: 11/36 MP: 10/16
  4929 | D:4      | Noticed Natasha
  4932 | D:4      | Killed Natasha
  4938 | D:4      | Reached skill level 4 in Stealth
  5118 | D:4      | You add the spells Ozocubu's Armour and Ozocubu's
                  | Refrigeration to your library.
  5141 | D:4      | Noticed Sigmund
  5146 | D:4      | Killed Sigmund
  5147 | D:4      | Reached skill level 2 in Armour
  5147 | D:4      | Reached skill level 6 in Spellcasting
  5254 | D:4      | Noticed Natasha
  5258 | D:4      | Killed Natasha
  5259 | D:4      | Reached XP level 8. HP: 42/42 MP: 13/19
  5299 | D:4      | Found a staircase to the Ecumenical Temple.
  5308 | Temple   | Entered the Ecumenical Temple
  5480 | Temple   | Became a worshipper of Vehumet
  5711 | D:4      | Noticed Natasha
  5714 | D:4      | Killed Natasha
  5840 | D:5      | Entered Level 5 of the Dungeon
  5865 | D:5      | Reached skill level 1 in Fighting
  5906 | D:5      | Reached skill level 4 in Translocations
  6165 | D:5      | Reached skill level 7 in Spellcasting
  6175 | D:5      | Reached skill level 8 in Conjurations
  7605 | D:6      | Reached skill level 8 in Spellcasting
  7605 | D:6      | Reached skill level 5 in Translocations
  7702 | D:6      | You fall into a shaft and drop 1 floor!
  7951 | D:7      | Noticed Dowan
  7962 | D:7      | Killed Dowan
  8094 | D:7      | Noticed Duvessa
  8123 | D:7      | HP: 8/43 [Duvessa/+0 rapier (14)]
  8125 | D:7      | HP: 3/43 [Duvessa/+0 rapier (3)]
  8133 | D:6      | HP: 3/43 [Duvessa/+0 rapier (12)]
  8135 | D:6      | Mangled by Duvessa

Vanquished Creatures
  Sigmund (D:4)
  A black bear (D:4)
  4 ogres
  A phantom (D:4)
  A kobold brigand (D:4)
  A bullfrog (D:6)
  Dowan (D:7)
  4 killer bees (D:6)
  3 howler monkeys
  A bullfrog zombie (D:5)
  A gnoll shaman (D:3)
  2 hounds
  A jelly (D:5)
  A bullfrog skeleton (D:6)
  A centaur skeleton (D:6)
  Terence (D:2)
  Jessica (D:3)
  3 orc wizards
  Natasha (thrice) (D:4)
  2 iguanas (D:6)
  2 hound skeletons
  Robin (D:2)
  12 gnolls
  5 adders
  A shadow imp (D:5)
  A white imp (D:4)
  An adder skeleton (D:5)
  A worm (D:3)
  A dart slug (D:2)
  13 orcs
  4 ball pythons
  5 bats
  4 endoplasms
  5 giant cockroaches
  13 goblins
  11 hobgoblins
  6 jackals
  3 quokkas
  2 frilled lizards (D:1)
  6 kobolds
  3 rats
134 creatures vanquished.

Vanquished Creatures (others)
  A plant (D:2)
1 creature vanquished.

Grand Total: 135 creatures vanquished

Table legend:
 A = Non-vault XP
 B = Vault XP
 C = Vault XP percentage of total XP
 D = Non-vault monster count
 E = Vault monster count
 F = Vault count percentage of total count
                 A         B        C        D         E       F
            +---------+---------+-------+---------+---------+-------
      Total |    2317 |     443 |  16.1 |     117 |      17 |  12.7
            +---------+---------+-------+---------+---------+-------
        D:1 |      36 |       0 |   0.0 |      21 |       0 |   0.0
        D:2 |      99 |      75 |  43.1 |      24 |      13 |  35.1
        D:3 |     341 |      37 |   9.8 |      34 |       1 |   2.9
        D:4 |     616 |     262 |  29.8 |      13 |       2 |  13.3
        D:5 |     397 |       0 |   0.0 |       8 |       0 |   0.0
        D:6 |     727 |       0 |   0.0 |      12 |       0 |   0.0
        D:7 |     101 |      69 |  40.6 |       5 |       1 |  16.7
            +---------+---------+-------+---------+---------+-------

Illustrated notes

Table legend:
 A = Kills in this place as a percentage of kills in entire the game.
 B = Kills by you in this place as a percentage of kills by you in the entire game.
 C = Kills by friends in this place as a percentage of kills by friends in the entire game.
 D = Other kills in this place as a percentage of other kills in the entire game.
 E = Experience gained in this place as a percentage of experience gained in the entire game.
 F = Experience gained in this place divided by the number of levels of this place that you have seen.
                   A       B       C       D       E      F
               +-------+-------+-------+-------+-------+----------------------
         Total | 100.0 | 100.0 |   N/A |   N/A | 100.0 | 345.0
       Dungeon | 100.0 | 100.0 |   N/A |   N/A | 100.0 | 394.3
               +-------+-------+-------+-------+-------+----------------------

Table legend: (Time is in decaauts)
 A = Elapsed time spent in this place.
 B = Non-inter-level travel time spent in this place.
 C = Inter-level travel time spent in this place.
 D = Time resting spent in this place.
 E = Time spent auto-exploring this place.
 F = Levels seen in this place.
 G = Mean time per level.
                   A        B        C        D        E       F      G
               +--------+--------+--------+--------+--------+-----+--------+
         Total |   8149 |   7927 |    222 |   1871 |   4911 |   8 | 1018.6 |
       Dungeon |   7822 |   7625 |    197 |   1871 |   4638 |   7 | 1117.4 |
        Temple |    326 |    301 |     25 |      0 |    273 |   1 |  326.0 |
               +--------+--------+--------+--------+--------+-----+--------+

Top non-repeatable levels by time:
     D:2: 2128 daAuts
     D:6: 1287 daAuts
     D:3: 1219 daAuts
     D:1: 1138 daAuts
     D:4: 1041 daAuts
     D:5: 772 daAuts
  Temple: 326 daAuts
     D:7: 235 daAuts
